 Dungeon Crawl Stone Soup version 0.30.0-3-ga4e48a9924 (webtiles) character file.

Game seed: 9474027141140811459

313 RascalDebosk the Trooper (level 6, -7/47 HPs)
             Began as a Djinni Air Elementalist on May 7, 2023.
             Was an Initiate of Ashenzari.
             Mangled by Prince Ribbit (12 damage)
             ... on level 5 of the Dungeon.
             The game lasted 00:30:45 (3236 turns).

RascalDebosk the Trooper (Djinni Air Elementalist)  Turns: 3236, Time: 00:30:46

Health: -7/47      AC:  9    Str:  7    XL:     6   Next: 71%
Gold:   222        EV: 12    Int: 19    God:    Ashenzari [......] SH:  0 Dex: 13

rFire   + + .        t - +0 whip (venom)
rCold   x . .        (no shield)
rNeg    . . .        a - +0 robe
rPois   ∞            f - +2 helmet
rElec   .            (no cloak)
rCorr   .            (no gloves)
SInv    .            (boots unavailable)
Will    .....        (no amulet)
Stlth   ++           s - +4 ring of protection
HPRegen 0.27/turn    (no ring)
MPRegen 0.00/turn

%: infuse magic (-8 HP)
@: flying
A: sickness immunity, fire resistance 2, cold vulnerability 1, float, innate
caster, HP casting, extra vitality 1
a: Renounce Religion


You were on level 5 of the Dungeon.
You worshipped Ashenzari.
Ashenzari was noncommittal.
You visited 2 branches of the dungeon, and saw 6 of its levels.

You collected 222 gold pieces.

Inventory:

Hand Weapons
 t - a +0 whip of venom (weapon)
Armour
 a - a +0 robe (worn)
 d - a +2 hat
 f - a +2 helmet (worn)
 A - the +5 ring mail of the Feral Alphagorgon {+Inv rF- rN+ SInv}
   (You found it on level 4 of the Dungeon)

   rF:        It makes you vulnerable to fire.
   rN:        It protects you from negative energy.
   SInv:      It lets you see invisible.
   +Inv:      It lets you turn invisible.
Jewellery
 s - a +4 ring of protection (left hand)
 v - an amulet of faith
Wands
 y - a wand of digging (6)
Scrolls
 c - 6 scrolls of identify {unknown}
 e - 2 scrolls of enchant weapon {unknown}
 i - 2 scrolls of enchant armour {unknown}
 j - a scroll of noise {unknown}
 q - a scroll of poison {unknown}
 r - 4 scrolls of teleportation {unknown}
 x - a scroll of vulnerability {unknown}
 B - a scroll of immolation {unknown}
 C - a scroll of fog {unknown}
Potions
 b - 3 potions of curing {unknown}
 g - a potion of resistance {unknown}
 h - 4 potions of mutation {unknown}
 k - 3 potions of heal wounds {unknown}
 l - a potion of attraction {unknown}
 m - a potion of cancellation {unknown}
 n - a potion of might {unknown}
 o - a potion of brilliance {unknown}
 p - 2 potions of degeneration {unknown}
 u - a potion of flight {unknown}
 w - 2 potions of berserk rage {unknown}
 z - a potion of haste {unknown}


   Skills:
 * Level 4.2 Fighting
 - Level 2.1 Dodging
 - Level 1.5 Stealth
 * Level 4.1 Spellcasting


You knew the following spells:

 Your Spells              Type           Power      Damage    Failure   Level
a - Shock                 Conj/Air       76%        1d7       2%          1
b - Static Discharge      Conj/Air       38%        2-4/arc   3%          2
c - Swiftness             Air            19%        N/A       8%          3
d - Airstrike             Air            9%         2d(2-18)  24%         4
e - Foxfire               Conj/Fire      76%        2x1d7     2%          1
f - Momentum Strike       Conj/Tloc      38%        3d9       3%          2
Your spell library was empty.

Dungeon Overview and Level Annotations

Branches:
Dungeon (5/15)             Temple (1/1) D:4

Altars:
Ashenzari
Cheibriados
Dithmenos
Fedhas
Gozag
Hepliaklqana
Makhleb
Okawaru
Qazlal
Ru
Uskayaw
Wu Jian
Xom
Yredelemnul

Annotations:
D:5 Prince Ribbit


Innate Abilities, Weirdness & Mutations

You are immune to sickness and miasma.
You are immune to poison.
Your flesh is very heat resistant. (rF++)
You are vulnerable to cold. (rC-)
You float through the air rather than walking.
You learn spells naturally, not from books.
Your magical power is your life essence.
You have superior vitality. (+4 MHP)


Message History

The iguana barely misses you.
Casting: Shock (safe; 2% risk of failure)
Confirm with . or Enter, or press ? or * to list all spells.
Aiming: Shock (safe; 2% risk of failure)
Press: ? - help, Shift-Dir - straight line, f/p - iguana
Aim: an iguana (almost dead, 75% to hit)
The zap hits the iguana.
You kill the iguana!
HP restored.
You see here an iguana corpse.
There is an open door here.
Found a rapier.
Found an iron altar of Okawaru.
Found a broken altar of Ashenzari.
Found a snail-covered altar of Cheibriados.
Found an opulent altar of Gozag.
Found an ornate altar of the Wu Jian Council.
Found 15 gold pieces.
Found a stormy altar of Qazlal.
There is a broken altar of Ashenzari here.
You hover solemnly before the altar of Ashenzari.
Ashenzari welcomes you!
Ashenzari warns you of distant threats and treasures.
Ashenzari reveals the structure of the dungeon to you.
Ashenzari shows you where magical portals lie.
There is a snail-covered altar of Cheibriados here.
You now have 222 gold pieces (gained 7).
There is a stormy altar of Qazlal here.
Prince Ribbit comes into view.
Found a stone staircase leading down.
Casting: Shock (safe; 2% risk of failure)
Confirm with . or Enter, or press ? or * to list all spells.
Aiming: Shock (safe; 2% risk of failure)
Press: ? - help, Shift-Dir - straight line, f - Prince Ribbit
Aim: Prince Ribbit (asleep, 100% to hit)
The zap hits Prince Ribbit!
Prince Ribbit is lightly wounded.
Prince Ribbit gives a loud, deep croak!
Casting: Shock (safe; 2% risk of failure)
Confirm with . or Enter, or press ? or * to list all spells.
Aiming: Shock (safe; 2% risk of failure)
Press: ? - help, Shift-Dir - straight line, f/p - Prince Ribbit
Aim: Prince Ribbit (lightly wounded, 50% to hit)
The zap hits Prince Ribbit.
Prince Ribbit is moderately wounded.
Casting: Shock (safe; 2% risk of failure)
Confirm with . or Enter, or press ? or * to list all spells.
Aiming: Shock (safe; 2% risk of failure)
Press: ? - help, Shift-Dir - straight line, f/p - Prince Ribbit
Aim: Prince Ribbit (moderately wounded, 50% to hit)
The zap hits Prince Ribbit.
Prince Ribbit is moderately wounded.
Prince Ribbit blinks! x2
Casting: Shock (safe; 2% risk of failure)
Confirm with . or Enter, or press ? or * to list all spells.
Aiming: Shock (safe; 2% risk of failure)
Press: ? - help, Shift-Dir - straight line, f/p - Prince Ribbit
Aim: Prince Ribbit (moderately wounded, 50% to hit)
The zap misses Prince Ribbit.
Casting: Shock (safe; 2% risk of failure)
Confirm with . or Enter, or press ? or * to list all spells.
Aiming: Shock (safe; 2% risk of failure)
Press: ? - help, Shift-Dir - straight line, f/p - Prince Ribbit
Aim: Prince Ribbit (moderately wounded, 50% to hit)
The zap hits Prince Ribbit.
Prince Ribbit is moderately wounded.
Casting: Shock (safe; 2% risk of failure)
Confirm with . or Enter, or press ? or * to list all spells.
Aiming: Shock (safe; 2% risk of failure)
Press: ? - help, Shift-Dir - straight line, f/p - Prince Ribbit
Aim: Prince Ribbit (moderately wounded, 50% to hit)
The zap hits Prince Ribbit.
Prince Ribbit is heavily wounded.
Prince Ribbit hits you!
Casting: Shock (safe; 2% risk of failure)
Confirm with . or Enter, or press ? or * to list all spells.
Prince Ribbit is struck by an arc of lightning.
Prince Ribbit is heavily wounded.
You are struck by an arc of lightning.
Prince Ribbit is struck by an arc of lightning.
Prince Ribbit is severely wounded.
The lightning grounds out.
Prince Ribbit closely misses you.
Unknown command.
Casting: Static Discharge (safe; 3% risk of failure)
Confirm with . or Enter, or press ? or * to list all spells.
Prince Ribbit is struck by an arc of lightning.
Prince Ribbit is severely wounded.
You are struck by an arc of lightning.
The lightning grounds out.
Prince Ribbit hits you!
* * * LOW HITPOINT WARNING * * *
Prince Ribbit hits you!
* * * LOW HITPOINT WARNING * * *
Casting: Static Discharge (safe; 3% risk of failure)
Confirm with . or Enter, or press ? or * to list all spells.
Prince Ribbit is struck by an arc of lightning.
Prince Ribbit is almost dead.
You are struck by an arc of lightning.
* * * LOW HITPOINT WARNING * * *
Prince Ribbit is struck by an arc of lightning.
Prince Ribbit is almost dead.
The lightning grounds out.
* * * LOW HITPOINT WARNING * * *
Prince Ribbit hits you!
You die...

#####...##.####......#
....................#
...........)........#
............._......#
..........._........#
....................#
.........._..⌠.._...#
...##..............##
... #...##....._@###
..
#........_...F......
#...................
#.........#.$.......
#.........#.......>.
.........#.........
#..# ##.##....# ###
#.# #####


You could see Prince Ribbit.

Vanquished Creatures
  A black bear (D:4)
  An iguana (D:5)
  3 gnolls (D:4)
  10 adders
  2 worms
  2 dart slugs
  12 endoplasms
  4 giant cockroaches
  2 hobgoblins (D:1)
  4 jackals (D:2)
  2 quokkas
  3 ball pythons
  6 bats
  7 goblins
  3 kobolds
  5 rats
67 creatures vanquished.

Vanquished Creatures (others)
  7 foxfires
7 creatures vanquished.

Grand Total: 74 creatures vanquished

Notes
Turn   | Place    | Note
-------+----------+-------------------------------------------
     0 | D:1      | RascalDebosk the Djinni Air Elementalist began the quest
                  | for the Orb.
     0 | D:1      | RascalDebosk set off with the following spells memorised:
                  | Shock, Static Discharge, Swiftness, Airstrike.
     0 | D:1      | Reached XP level 1. HP: 15/15 MP: 0/0
   149 | D:1      | Reached skill level 1 in Fighting
   149 | D:1      | Reached XP level 2. HP: 20/22 MP: 0/0
   307 | D:1      | Reached XP level 3. HP: 25/27 MP: 0/0
   307 | D:1      | Learned a level 1 spell: Foxfire
   880 | D:2      | Reached XP level 4. HP: 26/33 MP: 0/0
  1385 | D:3      | Found a sacrificial altar of Ru.
  1976 | D:4      | Reached XP level 5. HP: 24/40 MP: 0/0
  1976 | D:4      | Learned a level 2 spell: Momentum Strike
  2237 | D:4      | Identified the +5 ring mail of the Feral Alphagorgon {+Inv
                  | rF- rN+ SInv}
  2247 | D:4      | Noticed a black bear
  2249 | D:4      | Killed a black bear
  2250 | D:4      | Reached XP level 6. HP: 38/47 MP: 0/0
  2759 | D:4      | Found a staircase to the Ecumenical Temple.
  2767 | Temple   | Entered the Ecumenical Temple
  3172 | D:5      | Entered Level 5 of the Dungeon
  3202 | D:5      | Found an iron altar of Okawaru.
  3203 | D:5      | Found a broken altar of Ashenzari.
  3207 | D:5      | Found a snail-covered altar of Cheibriados.
  3208 | D:5      | Found an opulent altar of Gozag.
  3209 | D:5      | Found an ornate altar of the Wu Jian Council.
  3210 | D:5      | Found a stormy altar of Qazlal.
  3214 | D:5      | Became a worshipper of Ashenzari the Shackled
  3227 | D:5      | Noticed Prince Ribbit
  3236 | D:5      | Mangled by Prince Ribbit

Illustrated notes

Levels and vault maps discovered:
D:1:      giann_horns, layout_rooms
D:2:      layout_loops_ring
D:3:      layout_rooms, nicolae_overflow_hidden_temple, nicolae_ru_awakened_eye,
          serial_corexii_hall, corexii_hall_statues_s, corexii_hall_statues_x
D:4:      layout_basic, temple_green, kennysheep_diamond
D:5:      layout_gridville, grunt_temple_overflow_open, uniq_edmund,
          uniq_prince_ribbit1, uniq_pikel
Temple:   hellmonk_temple_two_chambers

Skill      XL: |  1  2  3  4  5  6 |
---------------+-------------------+-----
Fighting       | 1 2 3 4 |  4.2
Spellcasting   | 3 4 |  4.1
Dodging        | |  2.1
Stealth        | |  1.5

Action                     |  1- 3 |  4- 6 || total
---------------------------+-------+-------++-------
  Melee: Whip              |       |     2 ||     2
   Cast: Shock             |    57 |    96 ||   153
         Static Discharge  |     2 |    16 ||    18
         Foxfire           |     1 |     5 ||     6
         Airstrike         |       |     2 ||     2
 Armour: Robe              |     4 |    10 ||    14
  Dodge: Dodged            |    12 |    21 ||    33
